 Dungeon Crawl Stone Soup version 0.17-a0-2064-g265a032 (webtiles) character file.

551813 Ordine the Conqueror (level 25, -5/257 HPs)
             Began as a Minotaur Berserker on Oct 12, 2015.
             Was the Champion of Trog.
             Slain by a cyan very ugly thing (6 damage)
             ... on level 5 of the Vaults on Oct 13, 2015.
             The game lasted 05:56:51 (58869 turns).

Ordine the Conqueror (Minotaur Berserker)          Turns: 58869, Time: 05:56:51

Health: -5/257     AC: 43    Str: 21    XL:     25   Next: 7%
Magic:  29/29      EV: 22    Int: 11    God:    Trog [******]
Gold:   4163       SH: 20    Dex: 25    Spells: 0 memorised, 24 levels left

rFire  + + +     SeeInvis +     I - +9 eveningstar (vamp)
rCold  + + +     Clarity  .     a - +7 plate armour of the Komtur {rF+ MR+ Str-2 Dex+4}
rNeg   . . .     SustAt   .     M - +5 shield {reflect}
rPois  +         Gourm    .     C - +3 crown of Dyrovepreva {rElec Int+2 SInv}
rElec  +         Spirit   .     s - +0 cloak {rC+}
rCorr  +         Warding  .     b - +4 pair of gloves of Misanthropy {+Inv rC+}
rMut   .         Rnd*Tele +     Q - +1 pair of boots
MR     +++++                    (no amulet)
Stlth  ..........               d - ring of teleportation
                                A - ring of Lies {rPois rF+ MR+ Int+5}

@: lethally poisoned (-5 -> -5), resistant, marked, very slightly contaminated,
regenerating, constricted, almost entirely resistant to hostile enchantments,
extremely unstealthy
A: retaliatory headbutt, horns 2
a: Burn Spellbooks, Berserk, Trog's Hand, Brothers in Arms, Renounce Religion,
Evoke Invisibility, Evoke Teleportation
}: 3/15 runes: serpentine, barnacled, slimy


You were on level 5 of the Vaults.
You worshipped Trog.
Trog was exalted by your worship.
You were not hungry.

You visited 10 branches of the dungeon, and saw 54 of its levels.
You also visited: Ice Cave.

You collected 6956 gold pieces.
You spent 2793 gold pieces at shops.

Inventory:

Hand Weapons
 I - a +9 vampiric eveningstar (weapon)
Armour
 a - the +7 plate armour of the Komtur (worn) {rF+ MR+ Str-2 Dex+4}
   (You found it on level 8 of the Dungeon)

   It affects your strength (-2).
   It affects your dexterity (+4).
   It protects you from fire.
   It affects your resistance to hostile enchantments.
 b - the +4 pair of gloves of Misanthropy (worn) {+Inv rC+}
   (You bought it in a shop on level 8 of the Dungeon)

   It protects you from cold.
   It lets you turn invisible.
 s - a +0 cloak of cold resistance (worn)
 C - the +3 crown of Dyrovepreva (worn) {rElec Int+2 SInv}
   (You found it on level 2 of the Snake Pit)

   It affects your intelligence (+2).
   It insulates you from electricity.
   It lets you see invisible.
 M - a +5 shield of reflection (worn)
 Q - a +1 pair of boots (worn)
Jewellery
 d - a ring of teleportation (right hand)
 e - an uncursed amulet of resist mutation
 n - a +2 ring of slaying
 v - an uncursed ring of sustain attributes
 A - the ring of Lies (left hand) {rPois rF+ MR+ Int+5}
   (You found it on level 6 of the Pits of Slime)

   [ring of poison resistance]

   It affects your intelligence (+5).
   It protects you from fire.
   It protects you from poison.
   It affects your resistance to hostile enchantments.
 D - the amulet of Cekugob {Ward -Tele rElec rPois rN++ AC+1 EV+1}
   (You found it on level 7 of the Dungeon)

   [amulet of warding]

   It may prevent the melee attacks of summoned creatures.
   It affects your AC (+1).
   It affects your evasion (+1).
   It insulates you from electricity.
   It protects you from poison.
   It greatly protects you from negative energy.
   It prevents most forms of teleportation.
Wands
 j - a wand of hasting (2)
 q - a wand of digging (10)
 S - a wand of heal wounds (6)
Scrolls
 g - 24 scrolls of remove curse
 h - 4 scrolls of immolation
 i - a scroll of fog
 p - a scroll of identify
 O - 4 scrolls of blinking
Potions
 c - a potion of agility
 l - a potion of heal wounds
 r - 4 potions of resistance
 w - 16 potions of curing
 E - 3 potions of cancellation
Comestibles
 f - 3 bread rations
 k - 2 slices of pizza
 m - a meat ration
 o - 2 beef jerkies
 t - 22 chunks of flesh
 J - a fruit


   Skills:
 O Level 27 Fighting
 - Level 16.0 Maces & Flails
 O Level 27 Armour
 + Level 20.8 Dodging
 - Level 15.1 Shields
 - Level 10.0 Evocations


You had 24 spell levels left.
You didn't know any spells.

Dungeon Overview and Level Annotations

Branches:
Dungeon (15/15)            Temple (1/1) D:5            Lair (8/8) D:11
 Shoals (4/4) Lair:3        Snake (4/4) Lair:3        Slime (6/6) Lair:8
    Orc (4/4) D:10            Elf (3/3) Orc:3        Vaults (5/5) D:13
  Crypt (0/3) Vaults:3     Depths (4/5) D:15

Altars:
Ashenzari
Cheibriados
Dithmenos
Elyvilon
Fedhas
Gozag
Kikubaaqudgha
Makhleb
Nemelex Xobeh
Okawaru
Qazlal
Ru
Sif Muna
Trog
Vehumet
Xom
Yredelemnul
Zin
The Shining One
Beogh
Jiyva
Lugonu

Shops:
D:6 ?   D:8 ***?   D:11 [[(}[   Orc:1 %   Orc:2 [   Orc:3 !   Orc:4 *(!%:
Depths:1 *

Portals:
Hell: Depths:1 Depths:2 Depths:3
Abyss: Depths:1 Depths:2
Pandemonium: Depths:1 Depths:2 Depths:3


Innate Abilities, Weirdness & Mutations

You reflexively headbutt those who attack you in melee.
You have a pair of horns on your head.


Message History

You block the golden dragon's attack. The golden dragon misses you.
The golden dragon tramples you but does no damage.
You block the tentacled monstrosity's attack. x2
The tentacled monstrosity misses you.
* * * LOW HITPOINT WARNING * * *
The tentacled monstrosity constricts you.
The tengu reaver mumbles some strange words.
The tengu reaver conjures a globe of magical energy!
You feel slightly jumpy.
d - a ring of teleportation (right hand)
You feel sick.
The crocodile changes into a wasp!
The vault warden activates a sealing rune.
The vault warden hits you with a great mace!
* * * LOW HITPOINT WARNING * * *
You block the tentacled monstrosity's attack. x2
The tentacled monstrosity closely misses you.
The cyan very ugly thing tail-slaps you!
* * * LOW HITPOINT WARNING * * *
The cyan very ugly thing shocks you. You resist.
You die...

#.. #....#..#..
...%#....#..#..
#...#....#....
.p.(........
###p(......#####
%.....[[[[......
..%%.*DpN)....%%
.%.%QyXDC(%...%.
...%%Du@pC[(%%..
###..oCuX%[#####
..%.%.oQ*Q..(+#
...O#....#.###.
..%.#...%#+# %..
#....##( #.
#....# .. #%%..#
...


You could see 2 tentacled monstrosities, a titan, 2 golden dragons, a storm
dragon, 2 very ugly things, a stone giant, 2 vault wardens, 3 tengu reavers, a
salamander stormcaller, an ettin, 2 vault sentinels, an ogre, a wasp shaped
shifter and 2 orc priests.

Vanquished Creatures
  the royal jelly (Slime:6)
  The ghost of krfreak the Conqueror, a master OgBe of Trog (Slime:4)
  Mara (Snake:4)
  A juggernaut (Depths:1)
  Frederick (Depths:3)
  Norris (Depths:2)
  Saint Roka (Orc:4)
  Vashnia (Snake:3)
  3 golden dragons
  Nikola (Shoals:4)
  Jorgrun (Snake:4)
  2 liches
  2 tentacled monstrosities
  The ghost of zigs the Acrobat, an adept SpWz of Vehumet (Slime:6)
  5 deep elf blademasters
  2 titans
  A deep elf master archer (Elf:3)
  27 acid blobs
  4 sphinxes
  2 krakens
  Polyphemus (Shoals:4)
  A shadow dragon (Vaults:4)
  Kirke (D:15)
  2 storm dragons
  3 tengu reavers
  Ilsuiw (Shoals:3)
  10 greater nagas
  7 azure jellies
  6 deep elf sorcerers
  2 frost giants
  4 fire giants
  Aizul (Shoals:4)
  9 vault wardens
  A draconian annihilator (Depths:3)
  5 very ugly things
  A war gargoyle (Vaults:5)
  2 vampire knights
  14 ironheart preservers
  11 stone giants
  Nessos (Lair:5)
  4 deep elf demonologists
  2 salamander stormcallers (Vaults:2)
  12 deep elf annihilators
  A white draconian (IceCv)
  A large abomination (Vaults:5)
  8 merfolk javelineers
  3 deep elf death magi (Elf:3)
  4 deep elf high priests (Elf:3)
  7 merfolk impalers
  6 death oozes
  A blizzard demon (Depths:1)
  Josephine (Lair:8)
  9 fire dragons
  An entropy weaver (shapeshifter) (Vaults:4)
  5 entropy weavers
  4 rakshasas
  3 jiangshi (Depths:3)
  5 ettins
  4 spriggan air magi (Depths:3)
  37 vault guards
  11 yaktaur captains
  10 hydras
  5 ice dragons
  A hell beast (Depths:2)
  24 naga warriors
  12 great orbs of eyes
  Erolcha (D:8)
  4 merfolk avatars
  7 statues (Depths:3)
  6 anacondas
  A catoblepas (Shoals:4)
  4 merfolk aquamancers
  10 centaur warriors
  5 satyrs
  18 dancing weapons
  20 ogre magi
  4 orc high priests
  10 deep troll earth magi
  2 tengu warriors
  2 death yaks (Shoals:4)
  8 deep troll shamans
  A vampire mage (Depths:3)
  19 naga sharpshooters
  A hell knight (Depths:2)
  Urug (Orc:3)
  A spriggan berserker (Depths:2)
  6 shock serpents
  22 deep elf knights
  2 sun demons
  Sonja (D:13)
  A soul eater (Depths:2)
  2 iron trolls (Depths:3)
  18 sea snakes
  22 deep trolls
  5 skeletal warriors (Vaults:2)
  11 wizards
  A fire crab (Vaults:2)
  An infernal demonspawn (Depths:2)
  4 unseen horrors
  A flayed ghost (Depths:2)
  2 shadow wraiths (Vaults:2)
  An ice devil (Depths:2)
  15 ironbrand convokers
  An ice statue (IceCv)
  6 deep elf summoners
  4 salamander mystics
  An obsidian statue (D:13)
  5 hill giants
  Pikel (D:7)
  A hill giant (shapeshifter) (D:15)
  22 deep elf conjurers
  9 naga ritualists
  A lindwurm (Lair:8)
  3 giant orange brains
  2 hornets
  16 mana vipers
  29 harpies
  A wolf spider zombie (D:12)
  3 cyclopes
  4 wolf spiders
  12 griffons
  42 ugly things
  14 salamanders
  8 orc sorcerers
  8 water nymphs
  11 fauns
  16 orc knights
  11 manticores
  5 shining eyes
  5 necromancers
  A sixfirhy (Depths:1)
  6 eyes of devastation
  An elephant (Lair:5)
  36 black mambas
  13 vault sentinels
  8 sirens
  9 torpor snails
  A smoke demon (Depths:1)
  An orange demon (D:13)
  Psyche (D:9)
  14 spiny frogs
  4 kobold demonologists
  A gargoyle (D:15)
  39 naga magi
  7 guardian serpents
  An elf skeleton (Vaults:5)
  3 efreet (D:13)
  A small abomination (Elf:3)
  A yaktaur zombie (Vaults:5)
  A human zombie (Vaults:3)
  6 freezing wraiths
  10 komodo dragons
  27 yaktaurs
  A yaktaur skeleton (Vaults:3)
  A yaktaur (shapeshifter) (Elf:2)
  15 deep elf priests
  31 merfolk
  A spriggan druid (Lair:8)
  13 fire drakes
  2 tengu conjurers (D:15)
  3 wind drakes
  2 red devils (D:13)
  3 trolls
  18 polar bears
  2 trolls (shapeshifter)
  A human simulacrum (Vaults:3)
  A blue devil (D:13)
  159 slime creatures
  3 giant leeches (Lair:8)
  Grinder (D:4)
  15 blink frogs
  2 boulder beetles
  A tengu simulacrum (Vaults:3)
  31 two-headed ogres
  A blink frog (shapeshifter) (Elf:3)
  A stone giant simulacrum (Vaults:2)
  2 ettin zombies (Vaults:5)
  12 snapping turtles
  A two-headed ogre (shapeshifter) (Vaults:1)
  A shadow (D:13)
  2 tarantellas (Depths:1)
  A spriggan (D:7)
  Sigmund (D:3)
  10 redbacks
  4 wraiths
  51 yaks
  A trapdoor spider (D:13)
  19 humans (D:13)
  15 basilisks
  39 deep elf magi
  7 water elementals
  33 hippogriffs
  7 wyverns
  A neqoxec (Depths:1)
  5 steam dragons
  13 golden eyes
  A hog (shapeshifter) (D:15)
  28 deep elf fighters
  6 hogs (D:15)
  16 vampire mosquitoes
  63 nagas
  A soldier ant (shapeshifter) (Vaults:1)
  2 wargs
  26 wolves
  18 water moccasins
  4 phantoms
  A mottled dragon (D:12)
  A black bear (D:10)
  3 ice beasts
  10 porcupines
  6 sky beasts
  22 centaurs
  38 orc warriors
  A soldier ant (D:13)
  3 black bears (shapeshifter)
  2 swamp drakes (Lair:8)
  9 eyes of draining
  5 boggarts
  3 wasps (Lair:8)
  A necrophage (D:11)
  73 ogres
  18 crocodiles
  6 big kobolds
  4 brain worms (Lair:8)
  A brain worm (shapeshifter) (Depths:2)
  20 giant frogs
  A wyvern skeleton (D:12)
  8 scorpions
  10 wights
  16 killer bees
  3 centaur zombies
  9 crimson imps
  5 giant frog zombies
  6 hounds
  2 quasits (D:13)
  23 orc priests
  A gnoll shaman (D:7)
  12 iguanas
  32 orc wizards
  4 centaur skeletons
  3 giant frog skeletons
  33 jellies
  3 iron imps (D:13)
  7 worker ants
  Natasha (D:3)
  2 hell rats (D:11)
  15 sheep
  A hound zombie (D:11)
  3 mummies (D:11)
  4 hound skeletons
  3 worker ant zombies
  11 gnolls
  9 adders
  66 river rats
  A white imp (D:13)
  3 shadow imps
  3 oozes
  An ufetubus (D:13)
  An adder zombie (D:8)
  2 adder skeletons
  18 worms
  6 giant geckos
  195 orcs
  3 ball pythons
  7 hobgoblins
  16 jackals
  8 bats
  5 giant cockroaches
  A giant gecko zombie (D:6)
  5 giant newts
  9 goblins
  33 kobolds
  5 quokkas
  2 quokka skeletons
  A quokka zombie (D:9)
  12 rats
  A bush (D:1)
  4 fire vortices
  3 plants (Lair:8)
  10 tentacles
2569 creatures vanquished.

Vanquished Creatures (collateral kills)
  Asterion (Snake:1)
  A death ooze (Slime:6)
  A black mamba (Snake:1)
  A slime creature (Slime:6)
  A spectral weapon (Snake:1)
5 creatures vanquished.

Vanquished Creatures (others)
  A golden dragon (Vaults:5)
  A lich (Vaults:4)
  A deep elf master archer (Elf:3)
  A tengu reaver (Vaults:5)
  2 shadow dragons (Vaults:5)
  A greater naga (Snake:4)
  2 vault wardens (Vaults:5)
  An ironheart preserver (Vaults:5)
  A stone giant (Vaults:5)
  A deep elf demonologist (Vaults:5)
  2 very ugly things (Vaults:5)
  A deep elf annihilator (Depths:3)
  An ettin (Vaults:5)
  2 deep elf high priests
  2 yaktaur captains (Vaults:5)
  2 ogre magi
  A deep elf knight (Elf:3)
  A soul eater (Depths:1)
  A naga ritualist (Snake:1)
  A storm dragon simulacrum (Vaults:3)
  2 vault sentinels (Vaults:5)
  4 yaktaurs (Vaults:5)
  A two-headed ogre (Vaults:5)
  A deep elf fighter (Elf:3)
  2 orcs
  A bush (D:1)
  A crawling corpse (Vaults:5)
  6 fungi
  7 plants
  17 tentacles
  1458 tentacle segments
1526 creatures vanquished.

Grand Total: 4100 creatures vanquished

Notes
Turn   | Place    | Note
--------------------------------------------------------------
     0 | D:1      | Ordine the Minotaur Berserker began the quest for the Orb.
     0 | D:1      | Reached XP level 1. HP: 19/19 MP: 0/0
    75 | D:1      | Reached skill level 4 in Maces & Flails
   137 | D:1      | Reached XP level 2. HP: 19/26 MP: 1/1
   421 | D:1      | Reached skill level 5 in Maces & Flails
   488 | D:1      | Reached * piety under Trog
   488 | D:1      | Reached XP level 3. HP: 28/31 MP: 2/2
  1615 | D:2      | Reached XP level 4. HP: 39/39 MP: 3/3
  1936 | D:2      | Found a stormy altar of Qazlal.
  1961 | D:2      | Reached skill level 6 in Maces & Flails
  2453 | D:3      | Reached skill level 14 in Maces & Flails
  2453 | D:3      | Reached XP level 5. HP: 45/45 MP: 4/4
  2469 | D:3      | Found a faded altar to an unknown god.
  2475 | D:3      | Reached XP level 6. HP: 51/51 MP: 5/5
  2613 | D:3      | Noticed Sigmund
  2621 | D:3      | Killed Sigmund
  2872 | D:3      | Noticed Natasha
  2879 | D:3      | Reached XP level 7. HP: 35/58 MP: 6/6
  2882 | D:3      | Killed Natasha
  2985 | D:3      | Found a sparkling altar of Nemelex Xobeh.
  2986 | D:3      | Found a basalt altar of Yredelemnul.
  2986 | D:3      | Found an opulent altar of Gozag.
  2986 | D:3      | Found a bloodstained altar of Trog.
  3093 | D:3      | Found an iron altar of Okawaru.
  3097 | D:3      | Found a burning altar of Makhleb.
  3180 | D:3      | Reached *** piety under Trog
  3416 | D:4      | Noticed Grinder
  3430 | D:4      | Killed Grinder
  3430 | D:4      | Reached skill level 5 in Fighting
  4021 | D:5      | Entered Level 5 of the Dungeon
  4116 | D:5      | Reached XP level 8. HP: 69/69 MP: 7/7
  4294 | D:5      | Reached skill level 15 in Maces & Flails
  4446 | D:5      | Found a staircase to the Ecumenical Temple.
  4453 | Temple   | Entered the Ecumenical Temple
  4972 | D:6      | Found Agunaon's Magic Scroll Shop.
  4977 | D:6      | Bought a scroll of identify for 30 gold pieces
  4977 | D:6      | Bought a scroll of identify for 30 gold pieces
  4977 | D:6      | Bought a scroll of identify for 30 gold pieces
  4977 | D:6      | Bought a scroll of identify for 30 gold pieces
  5235 | D:6      | Found a stormy altar of Qazlal.
  5241 | D:6      | Found a blossoming altar of Fedhas.
  5746 | D:7      | Reached XP level 9. HP: 63/79 MP: 8/8
  5897 | D:7      | Found a shattered altar of Ashenzari.
  6137 | D:7      | Found a bloodstained altar of Trog.
  6369 | D:7      | Noticed Pikel
  6383 | D:7      | Killed Pikel
  6520 | D:7      | Found a glowing golden altar of the Shining One.
  6520 | D:7      | Found a white marble altar of Elyvilon.
  6520 | D:7      | Found a glowing silver altar of Zin.
  6800 | D:8      | Reached skill level 16 in Maces & Flails
  6842 | D:8      | Found Teagaus's Magic Scroll Shoppe.
  6873 | D:8      | Bought a scroll of enchant armour for 105 gold pieces
  6873 | D:8      | Bought a scroll of enchant weapon for 105 gold pieces
  6873 | D:8      | Bought a scroll of identify for 28 gold pieces
  6949 | D:8      | Found Zovaun's General Store.
  6977 | D:8      | Noticed Erolcha
  6981 | D:8      | Reached skill level 1 in Shields
  6985 | D:8      | Killed Erolcha
  6985 | D:8      | Reached XP level 10. HP: 91/91 MP: 9/9
  6994 | D:8      | Got a steaming plate armour
  7005 | D:8      | Identified the +7 plate armour of the Komtur {rF+ MR+ Str-2 Dex+4} (You found it on level 8 of the Dungeon)
  7040 | D:8      | Found Haoclob's Assorted Antiques.
  7051 | D:8      | Bought a scroll of identify for 56 gold pieces
  7076 | D:8      | Found Duqatte's Assorted Antiques.
  7079 | D:8      | Bought a scroll labeled ZYAMIU BOEMP for 31 gold pieces
  7435 | D:9      | Noticed Psyche
  7446 | D:9      | Killed Psyche
  7446 | D:9      | Reached skill level 5 in Shields
  7790 | D:9      | Got a tattered robe
  7801 | D:9      | Identified the +1 robe "Cierghou" {Dex+4} (You found it on level 9 of the Dungeon)
  7980 | D:10     | Entered Level 10 of the Dungeon
  8055 | D:10     | Noticed a hill giant
  8068 | D:10     | Killed a hill giant
  8118 | D:10     | Identified a +0 rod of clouds (14/14) (You found it on level 10 of the Dungeon)
  8128 | D:10     | Noticed a hill giant
  8133 | D:10     | Killed a hill giant
  8133 | D:10     | Reached skill level 5 in Armour
  8230 | D:10     | Noticed a white ugly thing
  8238 | D:10     | Killed a white ugly thing
  8238 | D:10     | Reached skill level 10 in Fighting
  8238 | D:10     | Reached XP level 11. HP: 79/99 MP: 10/10
  8246 | D:10     | Gained mutation: Your muscles are strong. (Str +2) [mutagenic meat]
  8322 | D:10     | Found a staircase to the Orcish Mines.
  8451 | D:10     | Gained mutation: Your muscles are very strong. (Str +4) [mutagenic meat]
  8452 | D:10     | Gained mutation: You can translocate small distances at will. [mutagenic meat]
  8453 | D:10     | Gained mutation: You are partially covered in iridescent scales (AC +4). [mutagenic meat]
  8454 | D:10     | Gained mutation: Potions and wands are less effective at restoring your health. [mutagenic meat]
  8455 | D:10     | Gained mutation: You have large cloven feet. [mutagenic meat]
  8456 | D:10     | Gained mutation: You are mostly covered in iridescent scales (AC +6). [mutagenic meat]
  8674 | D:10     | Reached skill level 5 in Dodging
  8765 | D:11     | Found Piciotegab's Antique Armour Emporium.
  8765 | D:11     | Noticed a hill giant
  8785 | D:10     | Lost mutation: Your muscles are very strong. (Str +4) [mutagenic meat]
  8786 | D:10     | Lost mutation: You have large cloven feet. [mutagenic meat]
  8788 | D:10     | Gained mutation: Your system is resistant to poisons. [mutagenic meat]
  8798 | D:11     | Killed a hill giant
  8808 | D:11     | Received a gift from Trog
  8866 | D:11     | Found Iludoodgh's Antique Armour Boutique.
  8869 | D:11     | Found Qinedez's Weapon Emporium.
  8978 | D:11     | Bought a cloak for 85 gold pieces
  8994 | D:11     | Found a staircase to the Lair.
  9093 | D:11     | Found Xuiclaerche's Gadget Boutique.
  9143 | D:11     | Found Maetenas's Armour Emporium.
  9189 | D:11     | Bought a +1 pair of boots for 161 gold pieces
  9189 | D:11     | Lost mutation: Your muscles are strong. (Str +2) [potion of cure mutation]
  9189 | D:11     | Lost mutation: Your system is resistant to poisons. [potion of cure mutation]
  9189 | D:11     | Lost mutation: Potions and wands are less effective at restoring your health. [potion of cure mutation]
  9189 | D:11     | Lost mutation: You can translocate small distances at will. [potion of cure mutation]
  9189 | D:11     | Lost mutation: You are mostly covered in iridescent scales (AC +6). [potion of cure mutation]
  9318 | Lair:1   | Entered Level 1 of the Lair of Beasts
  9600 | Lair:1   | Noticed an eight-headed hydra
  9611 | Lair:1   | Killed an eight-headed hydra
  9617 | Lair:1   | Received a gift from Trog
  9739 | Lair:1   | Reached XP level 12. HP: 75/110 MP: 11/11
 10055 | Lair:1   | Reached skill level 10 in Shields
 10808 | Lair:2   | Got an ichor-stained ring mail
 10821 | Lair:2   | Identified the cursed +0 ring mail "Yrae" {rC+} (You found it on level 2 of the Lair of Beasts)
 11512 | Lair:3   | Found a staircase to the Shoals.
 11563 | Lair:3   | Found a staircase to the Snake Pit.
 11583 | Lair:3   | Noticed a six-headed hydra
 11594 | Lair:3   | Killed a six-headed hydra
 12016 | D:8      | Bought a pair of faintly humming gloves for 266 gold pieces
 12026 | D:8      | Identified the +4 pair of gloves of Misanthropy {+Inv rC+} (You bought it in a shop on level 8 of the Dungeon)
 12234 | Lair:3   | Found a snail-covered altar of Cheibriados.
 12959 | Lair:4   | Noticed an eight-headed hydra
 12965 | Lair:4   | Killed an eight-headed hydra
 13085 | Lair:4   | Reached XP level 13. HP: 116/116 MP: 12/12
 13138 | Lair:4   | Noticed a four-headed hydra
 13141 | Lair:4   | Received a gift from Trog
 13150 | Lair:4   | Killed a four-headed hydra
 13770 | Lair:5   | Noticed Nessos
 13788 | Lair:5   | Killed Nessos
 13788 | Lair:5   | Reached skill level 15 in Shields
 13812 | Lair:5   | Got a polished battleaxe
 13818 | Lair:5   | Identified the +10 battleaxe of the Stoat {antimagic, rElec rC+} (You found it on level 5 of the Lair of Beasts)
 14260 | Lair:5   | Received a gift from Trog
 15085 | Lair:6   | Reached skill level 10 in Armour
 15128 | Lair:6   | Reached XP level 14. HP: 129/129 MP: 13/13
 15912 | Lair:7   | Found a frozen archway.
 15955 | IceCv    | Entered an ice cave
 15970 | IceCv    | Reached XP level 15. HP: 137/137 MP: 14/14
 15975 | IceCv    | Reached skill level 10 in Dodging
 16210 | IceCv    | Received a gift from Trog
 16396 | IceCv    | Got a faintly glowing battleaxe
 16407 | IceCv    | Identified the +4 battleaxe of the Pure Tales {chop, +Inv rElec rPois rN+} (You found it in an ice cave)
 17459 | Lair:8   | Entered Level 8 of the Lair of Beasts
 17660 | Lair:8   | Found a staircase to the Slime Pits.
 17661 | Lair:8   | Found a viscous altar of Jiyva.
 17795 | Lair:8   | Received a gift from Trog
 18146 | Lair:8   | Noticed Josephine
 18157 | Lair:8   | Killed Josephine
 18330 | Lair:8   | Found a runed door.
 18352 | Lair:8   | Lost intelligence.
 18396 | Lair:8   | Reached skill level 15 in Fighting
 18986 | D:8      | Bought a scroll of identify for 62 gold pieces
 18986 | D:8      | Bought a scroll of magic mapping for 108 gold pieces
 19103 | D:6      | Bought a scroll of acquirement for 780 gold pieces
 19235 | Orc:1    | Entered Level 1 of the Orcish Mines
 19344 | Orc:1    | Got an ancient chain mail
 19355 | Orc:1    | Identified the +0 chain mail "Ufeutwepn" {MR+ Str+2} (You acquired it on level 1 of the Orcish Mines)
 19687 | Orc:3    | Found an iron altar of Okawaru.
 19708 | Orc:3    | Received a gift from Trog
 19733 | Orc:2    | Found Hori's Armour Boutique.
 20055 | Orc:1    | Found Etuty's Food Shop.
 20469 | Orc:3    | Noticed Urug
 20486 | Orc:3    | Killed Urug
 20493 | Orc:3    | Received a gift from Trog
 20548 | Orc:3    | Found a burning altar of Makhleb.
 20552 | Orc:3    | Found a staircase to the Elven Halls.
 20605 | Orc:3    | Found Toduut's Distillery.
 20908 | Orc:4    | Entered Level 4 of the Orcish Mines
 20914 | Orc:4    | Found a roughly hewn altar of Beogh.
 21377 | Orc:4    | Received a gift from Trog
 21574 | Orc:4    | Found Dyocaoje's Food Emporium.
 21574 | Orc:4    | Found Onkueg's General Store.
 21586 | Orc:4    | Found Beih's Distillery.
 21586 | Orc:4    | Found Mubat's Antique Weapon Boutique.
 21594 | Orc:4    | Bought 2 potions of mutation for 50 gold pieces
 21594 | Orc:4    | Bought a potion of invisibility for 80 gold pieces
 21594 | Orc:4    | Gained mutation: You are clumsy. (Dex -2) [potion of mutation]
 21594 | Orc:4    | Gained mutation: You are partially covered in icy blue scales (AC +1). [potion of mutation]
 21594 | Orc:4    | Gained mutation: Your flesh is cold resistant. [potion of mutation]
 21595 | Orc:4    | Gained mutation: You are mostly covered in iridescent scales (AC +6). [potion of mutation]
 21595 | Orc:4    | Gained mutation: Potions and wands are less effective at restoring your health. [potion of mutation]
 21595 | Orc:4    | Gained mutation: You possess an exceptional clarity of mind. [potion of mutation]
 21597 | Orc:4    | Bought a scorched whip for 172 gold pieces
 21599 | Orc:4    | Bought a scroll of identify for 24 gold pieces
 21599 | Orc:4    | Bought a scroll of identify for 24 gold pieces
 21600 | Orc:4    | Identified the +5 whip of Ariuj {flame, *Contam rElec Int-2 SInv} (You bought it in a shop on level 4 of the Orcish Mines)
 21623 | Orc:4    | Noticed Saint Roka
 21671 | Orc:4    | Killed Saint Roka
 21671 | Orc:4    | Reached XP level 16. HP: 52/150 MP: 15/15
 22161 | Orc:4    | Found Fochinnu's Book Shoppe.
 22655 | D:12     | Gained mutation: Your magical capacity is low (-10% MP). [mutagenic meat]
 22656 | D:12     | Gained mutation: Your magical capacity is very low (-20% MP). [mutagenic meat]
 22657 | D:12     | Gained mutation: Scrolls take you a little longer to read. [mutagenic meat]
 23148 | D:12     | Got an ichor-stained chain mail
 23159 | D:12     | Identified the cursed +0 chain mail "Ute Xuupuck" {Str+5 Dex-5} (You found it on level 12 of the Dungeon)
 23605 | D:12     | Lost mutation: Your magical capacity is very low (-20% MP). [potion of cure mutation]
 23605 | D:12     | Lost mutation: Potions and wands are less effective at restoring your health. [potion of cure mutation]
 23605 | D:12     | Lost mutation: Your flesh is cold resistant. [potion of cure mutation]
 23605 | D:12     | Lost mutation: Your magical capacity is low (-10% MP). [potion of cure mutation]
 23605 | D:12     | Lost mutation: Scrolls take you a little longer to read. [potion of cure mutation]
 23731 | D:13     | Received a gift from Trog
 23865 | D:13     | Noticed Sonja
 23869 | D:13     | Killed Sonja
 24153 | D:13     | Lost mutation: You are clumsy. (Dex -2) [mutagenic meat]
 24276 | D:13     | Found a gate to the Vaults.
 24579 | D:14     | Received a gift from Trog
 24739 | D:14     | Found a shadowy altar of Dithmenos.
 25375 | D:15     | Entered Level 15 of the Dungeon
 25473 | D:15     | Lost mutation: You possess an exceptional clarity of mind. [mutagenic meat]
 25474 | D:15     | Gained mutation: You possess an exceptional clarity of mind. [mutagenic meat]
 25475 | D:15     | Gained mutation: You have an increased reservoir of magic (+10% MP). [mutagenic meat]
 25705 | D:15     | Found a staircase to the Depths.
 25778 | D:15     | Noticed Kirke
 25801 | D:15     | Killed Kirke
 26339 | D:14     | Reached skill level 1 in Evocations
 26359 | D:14     | Gained mutation: Scrolls take you a little longer to read. [mutagenic meat]
 26360 | D:14     | Gained mutation: Your mind is acute. (Int +2) [mutagenic meat]
 26362 | D:14     | Gained mutation: You are weak. (Str -2) [mutagenic meat]
 26363 | D:14     | Lost mutation: Your mind is acute. (Int +2) [mutagenic meat]
 26364 | D:14     | Gained mutation: Your body sometimes deteriorates upon taking damage. [mutagenic meat]
 26365 | D:14     | Lost mutation: Your body sometimes deteriorates upon taking damage. [mutagenic meat]
 26366 | D:14     | Gained mutation: You have large cloven feet. [mutagenic meat]
 26580 | Lair:2   | Lost mutation: You are mostly covered in iridescent scales (AC +6). [potion of cure mutation]
 26580 | Lair:2   | Lost mutation: You are partially covered in iridescent scales (AC +4). [potion of cure mutation]
 26580 | Lair:2   | Lost mutation: You are weak. (Str -2) [potion of cure mutation]
 26580 | Lair:2   | Lost mutation: Scrolls take you a little longer to read. [potion of cure mutation]
 26580 | Lair:2   | Lost mutation: You have an increased reservoir of magic (+10% MP). [potion of cure mutation]
 26580 | Lair:2   | Lost mutation: You possess an exceptional clarity of mind. [potion of cure mutation]
 26613 | Shoals:1 | Entered Level 1 of the Shoals
 27344 | Shoals:2 | Reached skill level 5 in Evocations
 27361 | Shoals:2 | Received a gift from Trog
 27374 | Shoals:2 | Got an ebony dire flail {god gift}
 27376 | Shoals:2 | Identified the +8 dire flail "Ryretob" {drain, MR+ Str-3 Int+6} (Trog gifted it to you on level 2 of the Shoals)
 27514 | Shoals:2 | Reached XP level 17. HP: 160/160 MP: 20/20
 28254 | Shoals:3 | Received a gift from Trog
 28965 | Shoals:3 | Reached skill level 10 in Evocations
 29357 | Shoals:3 | Reached skill level 15 in Armour
 29478 | Shoals:4 | Entered Level 4 of the Shoals
 29494 | Shoals:4 | Noticed Ilsuiw
 29538 | Shoals:3 | Killed Ilsuiw
 29730 | Shoals:4 | Reached skill level 17 in Fighting
 29756 | Shoals:4 | Received a gift from Trog
 29862 | Shoals:4 | Got a barnacled rune of Zot
 30105 | Shoals:4 | Noticed Aizul
 30106 | Shoals:4 | Noticed Nikola
 30128 | Shoals:4 | Killed Aizul
 30143 | Shoals:4 | Killed Nikola
 30558 | Shoals:4 | Noticed Polyphemus
 30589 | Shoals:4 | Reached XP level 18. HP: 110/171 MP: 24/24
 30606 | Shoals:4 | Killed Polyphemus
 30682 | Shoals:4 | Got a crude quarterstaff
 30810 | Shoals:4 | Reached skill level 15 in Dodging
 31053 | Shoals:4 | Received a gift from Trog
 31247 | Lair:2   | Identified the +0 quarterstaff "Efehiecu" {venom, *Rage rN+ Dex-4 SInv} (You found it on level 4 of the Shoals)
 31311 | Snake:1  | Entered Level 1 of the Snake Pit
 31468 | Snake:1  | Reached skill level 18 in Fighting
 31852 | Snake:1  | Noticed Asterion
 31871 | Snake:1  | Killed Asterion
 32731 | Snake:2  | Received a gift from Trog
 33131 | Snake:2  | Gained mutation: Your magical capacity is low (-10% MP). [mutagenic meat]
 33132 | Snake:2  | Gained mutation: You expend magic power (3 MP) to strengthen your wands. [mutagenic meat]
 33133 | Snake:2  | Gained mutation: You are resistant to electric shocks. [mutagenic meat]
 33134 | Snake:2  | Gained mutation: Your flesh is heat resistant. [mutagenic meat]
 33431 | Snake:3  | Received a gift from Trog
 33499 | Snake:3  | Noticed Vashnia
 33532 | Snake:3  | Killed Vashnia
 33664 | Snake:3  | Reached skill level 19 in Fighting
 33856 | Snake:3  | Reached XP level 19. HP: 140/182 MP: 16/22
 34209 | Snake:3  | Received a gift from Trog
 34247 | Snake:4  | Entered Level 4 of the Snake Pit
 34278 | Snake:4  | Noticed Jorgrun
 34291 | Snake:4  | Killed Jorgrun
 34635 | Snake:4  | Noticed Mara
 34679 | Snake:4  | Noticed Ordine's illusion
 35078 | Snake:4  | Noticed Ordine's illusion
 35078 | Snake:4  | Killed Mara
 35235 | Snake:4  | Received a gift from Trog
 35366 | Snake:4  | Reached skill level 20 in Fighting
 35478 | Snake:4  | Got a serpentine rune of Zot
 35589 | Snake:4  | Received a gift from Trog
 36200 | Depths:1 | Entered Level 1 of the Depths
 36350 | Depths:1 | Reached XP level 20. HP: 173/193 MP: 23/23
 36366 | Depths:1 | Found a corrupted altar of Lugonu.
 36366 | Depths:1 | Found a one-way gate to the infinite horrors of the Abyss.
 36441 | Depths:1 | Identified a +0 rod of destruction (10/10) (You found it on level 1 of the Depths)
 36589 | Depths:1 | Found a gateway to Hell.
 36617 | Depths:1 | Received a gift from Trog
 36746 | Depths:1 | Found Lasoita's Assorted Antiques.
 36854 | Depths:1 | Found a one-way gate leading to the halls of Pandemonium.
 36927 | Depths:1 | Bought a leatherbound book for 435 gold pieces
 37502 | Depths:2 | Received a gift from Trog
 37509 | Depths:2 | Noticed a golden dragon
 37513 | Depths:2 | Noticed a juggernaut
 37666 | Depths:1 | Killed a juggernaut
 38034 | Vaults:1 | Entered Level 1 of the Vaults
 38186 | Vaults:1 | Reached skill level 21 in Fighting
 39206 | Vaults:1 | Received a gift from Trog
 39757 | Vaults:2 | Reached XP level 21. HP: 183/205 MP: 24/24
 40055 | Vaults:2 | Received a gift from Trog
 40061 | Vaults:2 | Got a fine flail {god gift}
 40064 | Vaults:2 | Identified the +10 flail "Urphig" {antimagic, *Rage rElec rPois Str+4} (Trog gifted it to you on level 2 of the Vaults)
 40113 | Vaults:2 | Got a polished quarterstaff
 40114 | Vaults:2 | Identified the +7 quarterstaff "Vonlon" {venom, +Inv} (You found it on level 2 of the Vaults)
 40727 | Vaults:2 | Received a gift from Trog
 40978 | Vaults:3 | Reached skill level 22 in Fighting
 41113 | Vaults:3 | Received a gift from Trog
 41370 | Vaults:3 | Got a slimy giant spiked club
 41371 | Vaults:3 | Identified the +10 giant spiked club of the Establishment {antimagic, *Drain rElec rC+++ MR+} (You found it on level 3 of the Vaults)
 41378 | Vaults:3 | Found a staircase to the Crypt.
 42289 | Vaults:4 | Received a gift from Trog
 42993 | Vaults:4 | Reached XP level 22. HP: 217/217 MP: 25/25
 43281 | Vaults:4 | Got a pair of warped gloves
 43299 | Vaults:4 | Identified the +1 pair of gloves of Fun {*Confuse Int+2 Dex+4} (You acquired it on level 4 of the Vaults)
 43780 | Lair:2   | Lost mutation: Your magical capacity is low (-10% MP). [potion of cure mutation]
 43780 | Lair:2   | Lost mutation: You expend magic power (3 MP) to strengthen your wands. [potion of cure mutation]
 43780 | Lair:2   | Lost mutation: Your flesh is heat resistant. [potion of cure mutation]
 43780 | Lair:2   | Lost mutation: You have large cloven feet. [potion of cure mutation]
 43780 | Lair:2   | Lost mutation: You are resistant to electric shocks. [potion of cure mutation]
 43895 | Elf:1    | Entered Level 1 of the Elven Halls
 44114 | Elf:1    | Received a gift from Trog
 44544 | Elf:1    | Reached skill level 23 in Fighting
 44779 | Elf:2    | Received a gift from Trog
 45139 | Elf:2    | Received a gift from Trog
 45194 | Elf:2    | Found a runed gate.
 45194 | Elf:2    | Found a runed gate.
 45195 | Elf:2    | Found a runed gate.
 45737 | Elf:3    | Entered Level 3 of the Elven Halls
 45742 | Elf:3    | Reached skill level 24 in Fighting
 46103 | Elf:3    | Received a gift from Trog
 46459 | Elf:3    | Gained mutation: You are dopey. (Int -2) [a cacodemon]
 47262 | Elf:3    | Reached skill level 25 in Fighting
 47278 | Elf:3    | Received a gift from Trog
 47279 | Elf:3    | Got a bloodstained morningstar {god gift}
 47321 | Elf:3    | Got a twisted whip
 47324 | Elf:3    | Identified the +9 morningstar of Killer Bee's Peril {freeze, +Rage +Inv rElec Str-2} (Trog gifted it to you on level 3 of the Elven Halls)
 47326 | Elf:3    | Identified the +0 whip of Qaxtif {slash, Dex+4} (You found it on level 3 of the Elven Halls)
 47350 | Elf:3    | Gained mutation: Your body sometimes deteriorates upon taking damage. [potion of mutation]
 47350 | Elf:3    | Gained mutation: You are partially covered in molten scales (AC +1). [potion of mutation]
 47350 | Elf:3    | Gained mutation: You are partially covered in yellow scales (AC +2). [potion of mutation]
 47412 | Elf:3    | Got a crude leather armour
 47423 | Elf:3    | Identified the +0 leather armour "Ywkyov" {*Contam +Fly rElec} (You found it on level 3 of the Elven Halls)
 47467 | Elf:3    | Gained mutation: Armour fits poorly on your strangely shaped body. [mutagenic glow]
 47712 | Lair:2   | Lost mutation: Armour fits poorly on your strangely shaped body. [potion of cure mutation]
 47712 | Lair:2   | Lost mutation: You are dopey. (Int -2) [potion of cure mutation]
 47712 | Lair:2   | Lost mutation: You are partially covered in molten scales (AC +1). [potion of cure mutation]
 47712 | Lair:2   | Lost mutation: You are partially covered in icy blue scales (AC +1). [potion of cure mutation]
 47712 | Lair:2   | Lost mutation: Your body sometimes deteriorates upon taking damage. [potion of cure mutation]
 47885 | Slime:1  | Entered Level 1 of the Pits of Slime
 47923 | Slime:1  | Upgraded the game from 0.17-a0-2058-g8b0eb12 to 0.17-a0-2064-g265a032
 48385 | Depths:1 | Bought a scroll of magic mapping for 101 gold pieces
 48427 | Depths:2 | Killed a golden dragon
 48616 | Depths:2 | Reached XP level 23. HP: 234/234 MP: 29/29
 48996 | Depths:2 | Received a gift from Trog
 49132 | Depths:2 | Noticed Norris
 49143 | Depths:2 | Killed Norris
 49163 | Depths:2 | Reached skill level 26 in Fighting
 50999 | Slime:2  | Received a gift from Trog
 51432 | Slime:2  | Gained mutation: You are clumsy. (Dex -2) [a shining eye]
 52872 | Slime:3  | Received a gift from Trog
 52872 | Slime:3  | Reached skill level 27 in Fighting
 53480 | Slime:4  | Noticed krfreak's ghost (master OgBe)
 53521 | Slime:4  | Killed krfreak's ghost
 53848 | Slime:4  | Received a gift from Trog
 54353 | Slime:6  | Entered Level 6 of the Pits of Slime
 54971 | Slime:6  | Noticed zigs's ghost (adept SpWz)
 55004 | Slime:6  | Killed zigs's ghost
 55004 | Slime:6  | Reached XP level 24. HP: 188/249 MP: 17/29
 55352 | Slime:6  | Gained mutation: Armour fits poorly on your strangely shaped body. [a shining eye]
 55358 | Slime:6  | Lost mutation: You are clumsy. (Dex -2) [potion of cure mutation]
 55358 | Slime:6  | Lost mutation: Armour fits poorly on your strangely shaped body. [potion of cure mutation]
 55358 | Slime:6  | Lost mutation: You are partially covered in yellow scales (AC +2). [potion of cure mutation]
 55419 | Slime:6  | Received a gift from Trog
 55469 | Slime:6  | Noticed the royal jelly
 55469 | Slime:6  | Found a viscous altar of Jiyva.
 55477 | Slime:6  | Killed the royal jelly
 55619 | Slime:6  | Got a brightly glowing wooden ring
 55659 | Slime:6  | Got a slimy rune of Zot
 55687 | Slime:6  | Gained mutation: You are surrounded by a mild repulsion field (EV +2). [potion of mutation]
 55687 | Slime:6  | Gained mutation: Your spells are a little easier to cast, but a little less powerful. [potion of mutation]
 55688 | Slime:6  | Gained mutation: You are dopey. (Int -2) [potion of mutation]
 55688 | Slime:6  | Gained mutation: Your magical capacity is low (-10% MP). [potion of mutation]
 55688 | Slime:6  | Lost mutation: You are dopey. (Int -2) [potion of mutation]
 55689 | Slime:6  | Lost mutation: Your magical capacity is low (-10% MP). [potion of cure mutation]
 55689 | Slime:6  | Lost mutation: Your spells are a little easier to cast, but a little less powerful. [potion of cure mutation]
 55689 | Slime:6  | Lost mutation: You are surrounded by a mild repulsion field (EV +2). [potion of cure mutation]
 56119 | Lair:2   | Identified the ring of Lies {rPois rF+ MR+ Int+5} (You found it on level 6 of the Pits of Slime)
 56591 | Depths:3 | Found a runed door.
 56711 | Depths:3 | Found a radiant altar of Vehumet.
 56711 | Depths:3 | Noticed Frederick
 56729 | Depths:3 | Killed Frederick
 56797 | Depths:3 | Found a runed door.
 57081 | Depths:3 | Received a gift from Trog
 58514 | Vaults:5 | Entered Level 5 of the Vaults
 58526 | Vaults:5 | Received a gift from Trog
 58604 | Vaults:4 | Received a gift from Trog
 58807 | Vaults:5 | Reached skill level 27 in Armour
 58816 | Vaults:5 | Reached XP level 25. HP: 172/257 MP: 29/29
 58869 | Vaults:5 | HP: 8/257 [vault warden/great mace (14)]
 58869 | Vaults:5 | HP: 1/257 [cyan very ugly thing (7)]
 58869 | Vaults:5 | Slain by a cyan very ugly thing

Vault maps used:
D:1:      dpeg_arrival_houses_and_road, minivault_24, lexackson_kobold_supper
D:2:      corexii_item_surrounded_by_moat, nicolae_qazlal_eye_of_the_storm
D:3:      minmay_overflow_temple_hex, ecumenical_altar_2, portal_sewer_entry_d,
          uniq_sigmund, uniq_natasha
D:4:      uniq_grinder
D:5:      minmay_temple_entry_mist, first_bread
D:6:      grunt_temple_overflow_forces_of_nature, serial_shops, shop,
          kennysheep_small_circle
D:7:      good_gods_mini_temple, basic_altar, the_bakery, trog_book, uniq_pikel
D:8:      serial_shops, shop, shop_fountains, kennysheep_mini_moat,
          nicolae_shop_competitors_out_of_business, uniq_erolcha
D:9:      uniq_psyche
D:10:     hangedman_cross_stitches, kennysheep_generic_room_6
D:11:     dpeg_lair_monsters, serial_undead, serial_undead_a, serial_undead_d,
          serial_undead_c, serial_undead_e, serial_undead_e, serial_shops,
          nicolae_shop_trees, nicolae_shop_waterfront, shop, shop, shop
D:12:     lab_entry_generic
D:13:     grunt_vaults_entry_tiered, hangedman_devilish_allure, uniq_sonja
D:14:     nicolae_dithmenos_shadow_blocks
D:15:     hangedman_depths_entry_try_elsewhere_first, uniq_kirke
Temple:   nicolae_temple_figure_zero
Lair:1:   beast_lair_carwin_9, lemuel_fruit_tree
Lair:3:   elwin_shoals_entry_rocks, guppyfry_snake_entry_island, st_stairs_7,
          kennysheep_snail_temple
Lair:4:   infiniplex_staircase_pool
Lair:5:   special_room, guppyfry_lair_drakes, uniq_nessos
Lair:6:   bobbens_dragon_lair_wall
Lair:7:   serial_bayou, serial_bayou_pond_d, serial_bayou_shore_a,
          serial_bayou_lagoon_a, serial_bayou_pond_c,
          portal_ice_cave_entry_animals_and_master
Lair:8:   wormcave, guppyfry_lair_end_dragon, slime_altar_1,
          kilobyte_rumbling_trees, uniq_josephine
Shoals:2: nicolae_shoals_flooded_hall
Shoals:4: shoals_end_hangedman, shoal_ilsuiw, uniq_nikola, uniq_polyphemus,
          uniq_aizul
Snake:1:  evilmike_ambush, uniq_asterion
Snake:3:  nicolae_cobra_stairs, uniq_vashnia
Snake:4:  snake_pit, uniq_mara, uniq_jorgrun
Slime:4:  nicolae_slime_jelly_donut
Orc:1:    serial_shops, shop_coins
Orc:2:    serial_shops, shop
Orc:3:    serial_shops, shop, basic_altar, nicolae_orc_pool_cavern,
          okawaru_metal_pillars_1_2, uniq_urug
Orc:4:    grunt_orc_tribal_feast, basic_altar, serial_shops, shop,
          uniq_saint_roka
Elf:1:    hangedman_elven_crosses_minicolossus, hangedman_elf_disciples
Elf:3:    minmay_elf_hall_circle
Vaults:1: hangedman_vaults_stream, vaults_mumra_hex, v_misc_14, v_misc_3,
          nicolae_vaults_circle_grid_b, v_pattern_3, hangedman_vaults_maws,
          vaults_dpeg_ring
Vaults:2: nicolae_vaults_stairing_the_circle, nicolae_vaults_fighting_squares,
          v_alt_pattern_5, vaults_room_fours, v_misc_23,
          hangedman_vaults_variations, ontoclasm_vaults_chip,
          hangedman_vaults_hat, vaults_room_octagon, nicolae_vaults_asterisk,
          v_misc_19
Vaults:3: nicolae_vaults_circle_grid_a, v_misc_9, v_misc_8, v_misc_19,
          ontoclasm_vaults_ring_large, v_misc_22, vaults_room_guarded_vault,
          hangedman_vaults_cutoff, ontoclasm_vaults_twist,
          nicolae_vaults_mini_display_case, v_misc_5, ontoclasm_vaults_pinch,
          v_pattern_1, ontoclasm_vaults_decontamination, vaults_room_grid,
          dummy_crypt_entry
Vaults:4: ontoclasm_vaults_ligature, v_misc_3, nicolae_vaults_circle_grid_a,
          ontoclasm_vaults_ring_large, v_misc_27, nicolae_vaults_ninety_degrees,
          ontoclasm_vaults_loading_screen, nicolae_vaults_hallways_thing,
          nicolae_vaults_little_squares_3
Depths:1: rand_demon_pan_entry_9, minmay_holes, serial_shops, shop,
          abyss_entry_flame_altar, hell_entry, kennysheep_inner_square,
          firewood_loft, serial_bayou_shore_b
Depths:2: minmay_strange_plus, rand_demon_pan_entry_4, hell_entry, abyss_entry,
          spider_trap, uniq_norris
Depths:3: evilmike_halls_of_destruction, grunt_pan_entry_sceptre,
          pf_hell_entry_tar_spiral, abandoned_shop, infiniplex_staircase_x
Depths:4: kennysheep_water_balloons, enter_ziggurat_e,
          nicolae_abyss_entry_one_way_or_another, grunt_metal_band,
          nicolae_evil_shop
IceCv:    ice_cave_small_giant

Action                   |  1- 3 |  4- 6 |  7- 9 | 10-12 | 13-15 | 16-18 | 19-21 | 22-24 | 25-27 || total
-------------------------+-------+-------+-------+-------+-------+-------+-------+-------+-------++-------
Melee: Mace              |   243 |    84 |   322 |       |       |       |       |       |       ||   649
       Morningstar       |       |       |     8 |     4 |       |       |       |       |       ||    12
       Eveningstar       |       |       |       |   628 |  1251 |  1985 |  2147 |  2142 |    40 ||  8193
Invok: Berserk           |     1 |     4 |     5 |     5 |     7 |    11 |     6 |     1 |       ||    40
       Trog's Hand       |       |       |     1 |     1 |       |    10 |     6 |    11 |     1 ||    30
       Burn Spellbooks   |       |       |     1 |     2 |       |     3 |     2 |     8 |       ||    16
       Brothers in Arms  |       |       |       |       |       |     1 |       |     2 |       ||     3
 Abil: Evoke Invisibilit |       |       |       |       |       |     2 |     2 |     3 |       ||     7
Evoke: Wand              |       |       |       |     4 |     6 |     3 |       |    16 |     3 ||    32
  Use: Scroll            |     5 |     3 |    17 |    16 |    10 |    19 |     8 |    20 |       ||    98
       Potion            |       |     1 |     3 |     1 |    11 |     8 |     2 |    13 |     6 ||    45
 Stab: Invisible         |       |       |       |       |     4 |     4 |     6 |     1 |       ||    15
       Petrified         |       |       |       |       |       |     2 |       |       |       ||     2
       Distracted        |       |       |       |       |       |       |       |     1 |       ||     1
  Eat: Chunk             |     4 |     7 |    21 |    32 |    38 |    67 |    28 |    29 |       ||   226
       Beef jerky        |       |       |     1 |     1 |       |     1 |     2 |    11 |       ||    16
       Fruit             |       |       |       |     1 |     1 |     5 |       |     2 |       ||     9
       Bread ration      |       |       |       |       |     1 |     2 |       |     1 |       ||     4
       Royal jelly       |       |       |       |       |       |       |     2 |     1 |       ||     3
       Meat ration       |       |       |       |       |       |       |     1 |       |       ||     1
       Pizza             |       |       |       |       |       |       |       |     3 |       ||     3
